 Dungeon Crawl Stone Soup version 0.17-a0-1403-g9df874c (webtiles) character file.

5384 pyrostar991 the Carver (level 10, -5/92 HPs)
             Began as a Minotaur Berserker on June 20, 2015.
             Was a High Priest of Trog.
             Splashed by an oklob sapling's acid (13 damage)
             ... on level 8 of the Dungeon.
             The game lasted 00:36:59 (7927 turns).

pyrostar991 the Carver (Minotaur Berserker)         Turns: 7927, Time: 00:36:59

Health: -5/92      AC: 16    Str: 25    XL:     10   Next: 39%
Magic:  10/10      EV: 12    Int:  8    God:    Trog [*****.]
Gold:   163        SH:  0    Dex: 12    Spells: 0 memorised, 9 levels left

rFire  + . .     SeeInvis .     a - +1 falchion
rCold  . . .     Clarity  .     m - +6 chain mail "Uqores" {rN+ Str+2 Int+4}
rNeg   + . .     SustAt   .     (no shield)
rPois  +         Gourm    .     (helmet restricted)
rElec  .         Spirit   .     M - +0 cloak {rPois}
rCorr  .         Warding  .     b - +2 pair of gloves
rMut   +         Stasis   .     (no boots)
MR     ++...                    g - amulet of resist mutation
Stlth  ..........               H - ring of protection from cold
                                y - ring of fire

@: corroded equipment, regenerating, very resistant to hostile enchantments,
extremely unstealthy
A: retaliatory headbutt, horns 2
a: Burn Spellbooks, Berserk, Trog's Hand, Brothers in Arms, Renounce Religion


You were on level 8 of the Dungeon.
You worshipped Trog.
Trog was extremely pleased with you.
You were not hungry.

You visited 1 branch of the dungeon, and saw 8 of its levels.
You also visited: Sewer.

You collected 359 gold pieces.
You spent 196 gold pieces at shops.

Inventory:

Hand weapons
 a - a +1 falchion (weapon)
 L - a +0 shortbow
 O - a +0 long sword
Missiles
 d - 23 bolts
 i - 120 arrows
 A - 7 tomahawks (quivered)
 I - 19 arrows of frost
Armour
 b - a +2 pair of gloves (worn)
 m - the +6 chain mail "Uqores" (worn) {rN+ Str+2 Int+4}
   (You found it on level 5 of the Dungeon)

   It affects your strength (+2).
   It affects your intelligence (+4).
   It protects you from negative energy.
 M - a +0 cloak of poison resistance (worn)
Magical staves
 n - an uncursed staff of wizardry {unknown}
Jewellery
 g - an amulet of resist mutation (around neck)
 y - a ring of fire (left hand)
 H - a ring of protection from cold (right hand)
Scrolls
 e - a scroll of blinking {unknown}
 f - 3 scrolls of amnesia {unknown}
 k - 2 scrolls of random uselessness
 p - a scroll of fog {unknown}
 r - 2 scrolls of magic mapping {unknown}
 s - a scroll of identify
 t - 4 scrolls of remove curse
 u - a scroll of fear
 v - a scroll of torment {unknown}
 x - 2 scrolls of teleportation
 N - a scroll of enchant weapon
Potions
 h - 2 potions of poison
 j - 2 potions of magic
 l - a potion of resistance
 q - a potion of cancellation
 w - 2 potions of curing
 D - a potion of brilliance
 E - 3 potions of agility
 F - 3 potions of heal wounds
 G - 8 potions of might
 J - a potion of haste
Books
 C - a book of the Dragon

   Spells                             Type                      Level
   a - Flame Tongue                   Conjuration/Fire             1
   b - Cause Fear                     Hexes                        4
   c - Bolt of Fire                   Conjuration/Fire             6
   d - Dragon Form                    Transmutation                7
   e - Dragon's Call                  Summoning                    9
   Trog disapproves of the use of such an item.
Miscellaneous
 B - a plain deck of summoning
Comestibles
 c - 11 chunks of flesh
 o - a bread ration
 z - 3 meat rations
 K - a slice of pizza
 P - 3 fruits


   Skills:
 * Level 9.7 Fighting
 * Level 10.4 Long Blades
 + Level 8.0 Armour
 * Level 8.3 Dodging
 * Level 3.1 Stealth
 + Level 2.5 Evocations


You had 9 spell levels left.
You didn't know any spells.

Dungeon Overview and Level Annotations

Branches:
Dungeon (8/15)             Temple (0/1) D:6            Lair (0/8) D:8

Altars:
Elyvilon
Fedhas
Okawaru
Ru
Trog
Xom

Shops:
D:4 }}   D:5 =

Annotations:
D:4 1 runed door
D:8 exclusion: oklob sapling


Innate Abilities, Weirdness & Mutations

You reflexively headbutt those who attack you in melee.
You have a pair of horns on your head.


Message History

The splash of acid hits you!
The acid burns!
You see here 2 fruits.
You hit the oklob sapling but do no damage.
The oklob sapling spits acid at you. The splash of acid misses you.
You hit the oklob sapling. You headbutt the oklob sapling.
The oklob sapling is moderately damaged.
You hit the oklob sapling. You headbutt the oklob sapling!
The oklob sapling is severely damaged.
The oklob sapling spits acid at you. The splash of acid hits you!
The acid burns!
* * * LOW HITPOINT WARNING * * *
You slash the oklob sapling!
You destroy the oklob sapling!
Your Armour skill increases to level 8!
The oklob sapling spits acid at you. The splash of acid hits you!
* * * LOW HITPOINT WARNING * * *
The acid burns!
You die...

.#######
#.......................
..###
###.....######..........
....### #######
##........# ......##
♣♣♣....##.. .......##
♣♣♣♣♣♣♣.♣♣..#####
........##
♣♣%.P♣♣.♣.♣..# #
.>......)#
♣%_%♣♣♣.♣.♣.##
.......))# ♣....♣♣.♣.♣.#
...P...#)# ♣@♣♣.♣.♣♣.♣.#
......##.###
♣♣♣♣♣.♣.♣♣..#
....####...# ♣♣.♣♣♣♣.##
#.####.....# ♣♣♣ #..##
#.# #....## ##..## #.#
#...## ##..## #.####...#
##..# #.......## ##.##
####...## ##.#


You could see an oklob sapling.

Vanquished Creatures
  Pikel (D:7)
  Joseph (D:7)
  The ghost of loblaw the Infuser, an experienced DECj (D:6)
  Grinder (D:6)
  4 wandering mushrooms (D:8)
  A deep elf mage (D:8)
  Eustachio (D:4)
  3 wargs (D:8)
  Edmund (D:6)
  Duvessa (D:7)
  A necrophage (D:8)
  2 ice beasts
  An ogre (D:5)
  An orc warrior (D:5)
  2 phantoms
  2 centaurs
  3 big kobolds (Sewer)
  4 giant frogs
  A gnoll sergeant (D:8)
  Dowan (D:7)
  A scorpion (D:3)
  An oklob sapling (D:8)
  A quasit (D:4)
  2 centaur zombies
  2 orc priests
  3 crimson imps
  A jelly (D:6)
  4 hounds
  Crazy Yiuf (D:7)
  A giant frog skeleton (D:8)
  7 orc wizards
  7 worker ants
  7 adders
  13 gnolls
  A shadow imp (D:5)
  5 oozes
  An adder zombie (D:5)
  3 worms (D:2)
  6 giant geckos
  26 orcs
  11 bats
  2 bat zombies
  6 giant cockroaches
  18 goblins
  8 hobgoblins
  5 quokkas
  2 ball pythons
  6 giant newts
  15 jackals
  26 kobolds
  8 rats
  A fungus (Sewer)
234 creatures vanquished.

Vanquished Creatures (others)
  An orc wizard (D:7)
  A bat (D:8)
2 creatures vanquished.

Grand Total: 236 creatures vanquished

Notes
Turn   | Place    | Note
--------------------------------------------------------------
     0 | D:1      | pyrostar991 the Minotaur Berserker began the quest for the Orb.
     0 | D:1      | Reached XP level 1. HP: 19/19 MP: 0/0
   180 | D:1      | Reached skill level 4 in Fighting
   231 | D:1      | Reached XP level 2. HP: 20/27 MP: 1/1
   980 | D:2      | Reached XP level 3. HP: 26/33 MP: 2/2
   981 | D:2      | Acquired Trog's second power
  1700 | D:2      | Reached XP level 4. HP: 34/41 MP: 3/3
  1792 | D:2      | Found a bloodstained altar of Trog.
  1792 | D:2      | Found an iron altar of Okawaru.
  2403 | D:3      | Reached XP level 5. HP: 43/47 MP: 4/4
  2478 | D:3      | Found a white marble altar of Elyvilon.
  2525 | D:3      | Reached skill level 1 in Stealth
  2814 | D:3      | Reached skill level 5 in Long Blades
  3326 | D:4      | Noticed Eustachio
  3346 | D:4      | Killed Eustachio
  3346 | D:4      | Reached skill level 5 in Fighting
  3346 | D:4      | Reached XP level 6. HP: 53/56 MP: 5/5
  3547 | D:4      | Found a white marble altar of Elyvilon.
  3547 | D:4      | Noticed an angel
  3549 | D:4      | Found a runed door.
  3627 | D:4      | Found a shimmering altar of Xom.
  3636 | D:4      | Found Dufuffo's Gadget Boutique.
  3712 | D:4      | Reached skill level 5 in Dodging
  3761 | D:4      | Bought a plain deck of summoning for 196 gold pieces
  3793 | D:4      | Reached skill level 6 in Long Blades
  3793 | D:4      | Reached XP level 7. HP: 59/61 MP: 6/6
  3820 | D:4      | Found Wesyeplu's Gadget Shoppe.
  3880 | D:4      | Found a glowing drain.
  3889 | Sewer    | Entered a sewer
  4300 | D:4      | Found a blossoming altar of Fedhas.
  4675 | D:5      | Entered Level 5 of the Dungeon
  4700 | D:5      | Found Ucolakidd's Jewellery Emporium.
  4734 | D:5      | Acquired Trog's third power
  4890 | D:5      | Reached skill level 1 in Evocations
  4890 | D:5      | Reached XP level 8. HP: 30/70 MP: 7/7
  4895 | D:5      | Reached skill level 5 in Armour
  4997 | D:5      | Reached skill level 7 in Long Blades
  5121 | D:5      | Got a bloodstained chain mail
  5132 | D:5      | Identified the +6 chain mail "Uqores" {rN+ Str+2 Int+4} (You found it on level 5 of the Dungeon)
  5539 | D:6      | Noticed loblaw's ghost (experienced DECj)
  5549 | D:6      | Killed loblaw's ghost
  5599 | D:6      | Noticed Edmund
  5617 | D:6      | Killed Edmund
  5624 | D:6      | Reached skill level 8 in Long Blades
  5889 | D:6      | Found a staircase to the Ecumenical Temple.
  6018 | D:6      | Reached XP level 9. HP: 79/79 MP: 9/9
  6189 | D:6      | Noticed Grinder
  6197 | D:6      | Killed Grinder
  6570 | D:7      | Noticed Duvessa
  6572 | D:7      | Noticed Dowan
  6587 | D:7      | Killed Duvessa
  6596 | D:7      | Killed Dowan
  6613 | D:7      | Noticed Pikel
  6626 | D:7      | Killed Pikel
  6626 | D:7      | Reached skill level 9 in Long Blades
  6735 | D:7      | Noticed Joseph
  6754 | D:7      | Killed Joseph
  7121 | D:7      | Noticed Crazy Yiuf
  7127 | D:7      | Killed Crazy Yiuf
  7227 | D:7      | Found a sacrificial altar of Ru.
  7533 | D:8      | Found a staircase to the Lair.
  7544 | D:8      | Reached XP level 10. HP: 91/91 MP: 10/10
  7558 | D:8      | Reached skill level 10 in Long Blades
  7880 | D:8      | Found a blossoming altar of Fedhas.
  7927 | D:8      | Splashed by an oklob sapling's acid

Vault maps used:
D:1:      saegor_arrival_simple_e, serial_curves, eino_curves_02,
          eino_curves_02, eino_curves_01
D:2:      kennysheep_the_goblin_king, gammafunk_temple_overflow_wave
D:3:      first_bread, minmay_misc_feat_tiny, elyvilon_altar_4
D:4:      fedhas_altar_2, overflow_temple_1_default, portal_sewer_entry_d,
          serial_shops, shop, shop, lemuel_angel_altar, uniq_eustachio
D:5:      serial_shops, shop, mrwooster_statue_mirror
D:6:      temple_statues, enter_ossuary_2, minmay_misc_feat_room, uniq_edmund,
          uniq_grinder
D:7:      nicolae_ru_the_path_less_chosen, uniq_joseph, uniq_pikel,
          uniq_crazy_yiuf_cottage, uniq_duvessa
D:8:      lightli_temple_of_fire, erik_lair_orcish_takeover,
          hangedman_tree_tricks, hangedman_abyss_or_decor_jellyfish_corner,
          minmay_misc_feat_columns, minmay_misc_feat_more_columns
Sewer:    kennysheep_pipe_town

Action                   |  1- 3 |  4- 6 |  7- 9 | 10-12 || total
-------------------------+-------+-------+-------+-------++-------
Melee: Falchion          |    83 |   102 |   420 |    80 ||   685
Invok: Berserk           |     2 |     4 |     7 |     2 ||    15
       Trog's Hand       |     1 |       |     1 |     1 ||     3
  Use: Potion            |     1 |       |     1 |     1 ||     3
       Scroll            |       |       |    18 |       ||    18
 Stab: Sleeping          |     1 |       |       |       ||     1
  Eat: Chunk             |     1 |     2 |     7 |     1 ||    11
       Bread ration      |     1 |     1 |     2 |       ||     4
       Meat ration       |       |     1 |       |       ||     1
       Beef jerky        |       |       |     3 |       ||     3
       Fruit             |       |       |       |     5 ||     5
